 Dungeon Crawl Stone Soup version 0.26-b1-32-g5d43845318 (webtiles) character file.

Game seed: 15437509288142036704

6324 Anothat the Cleaver (level 10, -5/94 HPs)
             Began as a Deep Dwarf Fighter on Jan 12, 2021.
             Was a Priest of Makhleb.
             Killed from afar by a hellion (35 damage)
             ... with damnation
             ... on level 1 of the Abyss.
             The game lasted 00:19:33 (6116 turns).

Anothat the Cleaver (Deep Dwarf Fighter)            Turns: 6116, Time: 00:19:34

Health: -5/94      AC: 13    Str: 27    XL:     10   Next: 64%
Magic:  0/9        EV:  9    Int: 16    God:    Makhleb [***...]
Gold:   310        SH:  8    Dex: 12    Spells: 9/9 levels left

rFire    . . .     SeeInvis .   p - +3 war axe
rCold    x . .     Faith    .   F - +2 buckler
rNeg     . . .     Spirit   +   o - +0 chain mail
rPois    +         Reflect  .   G - +0 helmet
rElec    .         Harm     .   (no cloak)
rCorr    .         Rampage  .   (no gloves)
Will     ++...                  N - +0 pair of boots
Stlth    ..........             H - amulet of guardian spirit (curse)
HPRegen  0.00/turn              s - ring of willpower
MPRegen  0.11/turn              y - ring "Nacesik" {Wiz +Inv rPois rC- Str+3 Int+6}

@: non-regenerating, hasted, very quick
A: damage resistance, heal wounds, low mp 1, sense surroundings 2, strong 1,
sturdy frame 1, no regeneration
a: Heal Wounds, Renounce Religion, Evoke Invisibility, Minor Destruction, Lesser
Servant of Makhleb


You were on level 1 of the Abyss.
You worshipped Makhleb.
Makhleb was most pleased with you.
You visited 3 branches of the dungeon, and saw 10 of its levels.
You visited the Abyss 1 time.
You also visited: Sewer.

You collected 485 gold pieces.
You spent 175 gold pieces at shops.

Inventory:

Hand Weapons
 a - a +1 war axe
 p - a +3 war axe (weapon)
 u - a +0 short sword
Armour
 b - a +0 scale mail
 c - a +0 kite shield
 i - a +0 plate armour
 o - a +0 chain mail (worn)
 F - a +2 buckler (worn)
 G - a +0 helmet (worn)
 N - a +0 pair of boots (worn)
Jewellery
 s - a ring of willpower (left hand)
 y - the ring "Nacesik" (right hand) {Wiz +Inv rPois rC- Str+3 Int+6}
   (You found it on level 4 of the Dungeon)

   [ring of wizardry]

   It improves your spell success rate.
   It affects your strength (+3).
   It affects your intelligence (+6).
   It makes you vulnerable to cold.
   It protects you from poison.
   It lets you turn invisible.
 H - a cursed amulet of guardian spirit (around neck)
Wands
 v - a wand of iceblast (11)
 x - a wand of flame (1)
Scrolls
 e - 4 scrolls of teleportation
 h - 5 scrolls of remove curse
 j - a scroll of enchant weapon
 k - a scroll of magic mapping
 t - 2 scrolls of amnesia
 z - 2 scrolls of enchant armour
 D - a scroll of random uselessness
 L - 2 scrolls of holy word
 M - a scroll of blinking
Potions
 d - a potion of haste
 f - 6 potions of curing
 g - 3 potions of flight
 l - a potion of degeneration {unknown}
 m - 4 potions of brilliance
 n - 2 potions of resistance
 q - a potion of cancellation {unknown}
 r - 4 potions of attraction
 w - 4 potions of lignification
 B - 2 potions of magic {unknown}
 C - 2 potions of might
 E - 4 potions of heal wounds {unknown}
 I - a potion of berserk rage {unknown}
 K - 2 potions of ambrosia {unknown}


   Skills:
 + Level 7.2 Fighting
 * Level 11.3 Axes
 + Level 8.6 Armour
 + Level 8.6 Shields


You had 9 spell levels left.
You didn't know any spells.
Your spell library contained the following spells:

 Spells                   Type           Power        Failure   Level
 Animate Skeleton         Necr           0%           32%         1
 Pain                     Necr           0%           32%         1
 Confusing Touch          Hex            0%           65%         3
 Gell's Gravitas          Tloc           0%           65%         3
 Vampiric Draining        Necr           0%           65%         3
 Animate Dead             Necr           0%           95%         4
 Petrify                  Tmut/Erth      0%           95%         4
 Agony                    Necr           0%           100%        5
 Metabolic Englaciation   Hex/Ice        0%           100%        5
 Yara's Violent Unravell  Hex/Tmut       0%           100%        5


Dungeon Overview and Level Annotations

Branches:
Dungeon (8/15)             Temple (1/1) D:5            Lair (1/6) D:8
  Sewer (visited)

Altars:
Ashenzari
Cheibriados
Dithmenos
Elyvilon
Fedhas
Gozag
Hepliaklqana
Kikubaaqudgha
Makhleb
Okawaru
Ru
Sif Muna
Uskayaw
Vehumet
Wu Jian
Xom
Yredelemnul

Shops:
D:5 *

Annotations:
D:2 1 runed translucent door, Crazy Yiuf
D:4 2 transporters, Arthanis's ghost, amateur DEFE
D:7 2 transporters, Arum's ghost, novice FoFi
D:8 2 runed translucent doors, totalnoob's ghost, novice OgWz
Lair:1 Sonja


Innate Abilities, Weirdness & Mutations

You are resistant to damage.
You can heal yourself by infusing magical energy.
You passively map the area around you.
You do not regenerate.
Your magical capacity is low. (-10% MP)
Your muscles are strong. (Str +2)
Your movements are slightly less encumbered by armour. (ER -2)


Message History

Your extra speed is starting to run out.
Found 2 sedimented inky potions.
E - 4 sedimented inky potions (gained 2)
You feel yourself slow down. The green very ugly thing pecks you!
The green very ugly thing pecks you but does no damage.
The green very ugly thing pecks you but does no damage.
You feel yourself speed up. The green very ugly thing pecks you!!
You are lethally poisoned!
The green very ugly thing poisons you!
You feel very sick.
* * * LOW HITPOINT WARNING * * *
You feel very sick.
* * * LOW HITPOINT WARNING * * *
You feel very sick.
You feel better.
A hellion comes into view.
The hellion gestures at you.
The sphere of damnation explodes!
The damnation engulfs you!!!
You die...

. 2# ## #.#
#.####..#
.#.#..# ##
#.....# #.#
#....#.
#.###@..#. #.
#..#.##..# .
#..## .#..#
##..##.#.## #
##.#..#....###
#.......#.#
#..
####..#...##.#
# ##......#
.#...#.# .


You could see a hellion.

Vanquished Creatures
  A hydra (Lair:1)
  2 cane toads (Lair:1)
  Maggie (D:6)
  A komodo dragon (Lair:1)
  A troll (D:8)
  A raiju (Abyss:1)
  Sigmund (D:2)
  A yak (D:8)
  A neqoxec (Abyss:1)
  Menkaure (D:4)
  Edmund (D:4)
  2 water moccasins
  An orc warrior (D:8)
  2 sky beasts
  An ice beast (D:8)
  3 ogres
  3 phantoms
  4 centaurs
  2 big kobolds (Sewer)
  6 bullfrogs
  2 scorpions
  5 wights (D:7)
  2 howler monkeys (D:7)
  A jelly (D:7)
  4 orc priests
  8 hounds
  A centaur skeleton (D:8)
  8 orc wizards
  3 bullfrog skeletons
  Jessica (D:3)
  Natasha (thrice) (D:3)
  4 worker ants
  A killer bee zombie (D:8)
  A howler monkey zombie (D:7)
  3 gnolls (D:7)
  10 adders
  4 white imps
  An ufetubus (D:7)
  An ooze (D:1)
  2 adder zombies
  An adder skeleton (D:6)
  5 worms
  3 dart slugs
  4 leopard geckos
  15 orcs
  A ball python (Sewer)
  6 giant cockroaches
  7 goblins
  A hobgoblin (D:1)
  A quokka (D:5)
  5 bats
  8 frilled lizards
  17 kobolds
  A leopard gecko zombie (D:4)
  9 rats
  A spectral orc (D:6)
186 creatures vanquished.

Vanquished Creatures (others)
  A fungus (Sewer)
  7 plants (Sewer)
  2 withered plants (D:3)
10 creatures vanquished.

Grand Total: 196 creatures vanquished

Notes
Turn   | Place    | Note
-------+----------+-------------------------------------------
     0 | D:1      | Anothat the Deep Dwarf Fighter began the quest for the Orb.
     0 | D:1      | Reached XP level 1. HP: 20/20 MP: 1/1
   159 | D:1      | Reached XP level 2. HP: 22/27 MP: 2/2
   495 | D:2      | Noticed Sigmund
   515 | D:2      | Killed Sigmund
   516 | D:2      | Reached skill level 4 in Axes
   516 | D:2      | Reached XP level 3. HP: 31/34 MP: 3/3
   516 | D:2      | Reached XP level 4. HP: 38/42 MP: 4/4
   516 | D:2      | Reached XP level 5. HP: 45/49 MP: 5/5
   866 | D:2      | Found a runed translucent door.
   867 | D:2      | Noticed Crazy Yiuf
  1471 | D:3      | Found an ancient bone altar of Kikubaaqudgha.
  1896 | D:3      | Noticed Natasha
  1908 | D:3      | Killed Natasha
  1994 | D:3      | Noticed Natasha
  2007 | D:3      | Killed Natasha
  2111 | D:3      | Noticed Natasha
  2122 | D:3      | Killed Natasha
  2123 | D:3      | Reached XP level 6. HP: 32/56 MP: 6/6
  2168 | D:3      | Reached skill level 5 in Axes
  2407 | D:3      | Noticed Jessica
  2410 | D:3      | Killed Jessica
  2573 | D:4      | Found a transporter.
  2576 | D:4      | Noticed Arthanis's ghost (amateur DEFE)
  2623 | D:4      | Reached XP level 7. HP: 42/64 MP: 7/7
  2654 | D:4      | Found a transporter.
  2683 | D:4      | Noticed Edmund
  2689 | D:4      | Reached skill level 5 in Armour
  2706 | D:4      | Killed Edmund
  2707 | D:4      | Reached skill level 6 in Axes
  2707 | D:4      | Reached skill level 5 in Shields
  2780 | D:4      | Got a glittering bronze ring
  2792 | D:4      | Noticed Menkaure
  2804 | D:4      | Killed Menkaure
  3081 | D:5      | Entered Level 5 of the Dungeon
  3105 | D:5      | Found Hyzaroph's General Store.
  3108 | D:5      | Bought a scroll of identify for 28 gold pieces
  3108 | D:5      | Bought a scroll of teleportation for 42 gold pieces
  3108 | D:5      | Bought a scroll of enchant armour for 105 gold pieces
  3108 | D:5      | Identified the ring "Nacesik" {Wiz +Inv rPois rC- Str+3
                  | Int+6} (You found it on level 4 of the Dungeon)
  3153 | D:5      | Found a staircase to the Ecumenical Temple.
  3183 | D:5      | Reached XP level 8. HP: 23/73 MP: 8/8
  3198 | D:5      | Reached skill level 7 in Axes
  3209 | Temple   | Entered the Ecumenical Temple
  3245 | Temple   | Became a worshipper of Makhleb the Destroyer
  3369 | D:5      | Reached skill level 5 in Fighting
  3379 | D:5      | Found a glowing drain.
  3407 | Sewer    | Entered a sewer
  3542 | Sewer    | Reached * piety under Makhleb
  3843 | D:5      | Reached skill level 8 in Axes
  3863 | D:5      | Found a hazy altar of Hepliaklqana.
  3864 | D:5      | Found a shimmering altar of Xom.
  3865 | D:5      | Noticed a spectral ugly thing
  4017 | D:6      | Gained mutation: You passively map the area around you.
                  | [Deep Dwarf growth]
  4017 | D:6      | Reached XP level 9. HP: 58/81 MP: 9/9
  4089 | D:6      | Found a shadowy altar of Dithmenos.
  4124 | D:6      | Found a white marble altar of Elyvilon.
  4208 | D:6      | Reached ** piety under Makhleb
  4318 | D:6      | Noticed Maggie
  4336 | D:6      | Killed Maggie
  4337 | D:6      | Reached skill level 9 in Axes
  4359 | D:6      | Found a basalt altar of Yredelemnul.
  4745 | D:7      | Found a transporter.
  4777 | D:7      | Noticed Arum's ghost (novice FoFi)
  4853 | D:7      | Reached skill level 10 in Axes
  5134 | D:7      | Found a transporter.
  5208 | D:8      | Found a large runed translucent door.
  5208 | D:8      | Found a large runed translucent door.
  5208 | D:8      | Noticed totalnoob's ghost (novice OgWz)
  5326 | D:8      | Found an opulent altar of Gozag.
  5395 | D:8      | Reached *** piety under Makhleb
  5396 | D:8      | Reached XP level 10. HP: 69/92 MP: 10/10
  5410 | D:8      | Noticed a death yak
  5410 | D:8      | Noticed a death yak
  5411 | D:8      | Found a staircase to the Lair.
  5411 | D:8      | Noticed a death yak
  5483 | D:8      | Found a snail-covered altar of Cheibriados.
  5570 | D:8      | Gained mutation: You expend magic power (3 MP) to
                  | strengthen your wands. [potion of mutation]
  5570 | D:8      | Gained mutation: You occasionally shout uncontrollably at
                  | your foes. [potion of mutation]
  5570 | D:8      | Gained mutation: Your mind is acute. (Int +2) [potion of
                  | mutation]
  5571 | D:8      | Lost mutation: You occasionally shout uncontrollably at
                  | your foes. [potion of mutation]
  5571 | D:8      | Lost mutation: You expend magic power (3 MP) to strengthen
                  | your wands. [potion of mutation]
  5571 | D:8      | Lost mutation: Your mind is acute. (Int +2) [potion of
                  | mutation]
  5571 | D:8      | Gained mutation: Your magical capacity is low. (-10% MP)
                  | [potion of mutation]
  5571 | D:8      | Gained mutation: Your muscles are strong. (Str +2) [potion
                  | of mutation]
  5571 | D:8      | Gained mutation: Your movements are slightly less
                  | encumbered by armour. (ER -2) [potion of mutation]
  5601 | Lair:1   | Entered Level 1 of the Lair of Beasts
  5769 | Lair:1   | Noticed a cane toad
  5770 | Lair:1   | Noticed an eight-headed hydra
  5775 | Lair:1   | Killed a cane toad
  5785 | Lair:1   | Killed an eight-headed hydra
  5786 | Lair:1   | Reached skill level 11 in Axes
  5916 | Lair:1   | Noticed a cane toad
  5927 | Lair:1   | Killed a cane toad
  5958 | Lair:1   | Noticed Sonja
  5959 | Lair:1   | Cast into level 1 of the Abyss (Sonja)
  5996 | Abyss:1  | Noticed a green very ugly thing
  5997 | Abyss:1  | Noticed a green very ugly thing
  5997 | Abyss:1  | Noticed a green ugly thing
  5997 | Abyss:1  | Noticed a green very ugly thing
  5997 | Abyss:1  | Noticed a green very ugly thing
  5997 | Abyss:1  | Noticed a green very ugly thing
  6116 | Abyss:1  | Killed from afar by a hellion

Illustrated notes

Levels and vault maps discovered:
D:1:      matt_arrival_diagonals, layout_rooms
D:2:      layout_loops_corners, serial_bayou_crossing, uniq_crazy_yiuf_cottage,
          uniq_sigmund
D:3:      layout_basic, kiku_gazebo_garden_becter, uniq_jessica, uniq_natasha
D:4:      layout_basic, gammafunk_ghost_stat_death, kennysheep_doodads,
          uniq_edmund, uniq_menkaure
D:5:      layout_rooms, regret_index_temple_of_mockery,
          minmay_temple_entry_ruins, portal_sewer_entry_a, serial_shops, shop
D:6:      layout_rooms, elyvilon_altar_4, yredelemnul_forgotten_temple_becter,
          grunt_dithmenos_shadows, uniq_maggie
D:7:      layout_gridville, gammafunk_ghost_hive
D:8:      layout_cave_pools, lightli_temple_of_fire,
          nicolae_gozag_cash_rules_everything_around_me, slow_altar_1,
          tso_altar, dpeg_lair_monsters, ebering_ghost_disaster_area
Temple:   dpeg_three_leaves_temple
Lair:1:   layout_loops_ring, uniq_sonja
Abyss:1:  base:
D:9

Skill      XL: |  1  2  3  4  5  6  7  8  9 10 |
---------------+-------------------------------+-----
Fighting       | 3 4 5 6 7 |  7.2
Axes           | 4 5 6 8 10 11 | 11.3
Armour         | 4 5 6 7 8 |  8.6
Shields        | 4 5 6 7 8 |  8.6

Action                   |  1- 3 |  4- 6 |  7- 9 | 10-12 || total
-------------------------+-------+-------+-------+-------++-------
Melee: War axe           |    55 |   154 |   465 |    75 ||   749
 Abil: Heal Wounds       |     1 |     4 |     8 |     8 ||    21
Evoke: Wand              |       |       |     8 |     7 ||    15
  Use: Potion            |     1 |       |       |     7 ||     8
       Scroll            |       |     3 |    11 |    10 ||    24
Armor: Scale mail        |    30 |     4 |       |       ||    34
       Chain mail        |       |    77 |   205 |    43 ||   325
Dodge: Dodged            |    11 |    30 |   113 |    27 ||   181
Block: Kite shield       |    15 |   103 |   105 |       ||   223
       Buckler           |       |       |    80 |    36 ||   116
